 Dungeon Sprint DCSS version 0.22-a0-429-g97ce8ef721 (webtiles) character file.

340 FleetwoodCentaur the Basher (level 6, 0/41 HPs)
             Began as a Gargoyle Fighter on May 25, 2018.
             Was a Follower of Okawaru.
             Slain by a troll (7 damage)
             ... in the Dungeon (Sprint IX: "|||||||||||||||||||||||||||||").
             The game lasted 00:00:50 (174 turns).

FleetwoodCentaur the Basher (Gargoyle Fighter)       Turns: 174, Time: 00:00:51

Health: 0/41       AC: 15    Str: 22    XL:     6   Next: 56%
Magic:  6/9        EV:  8    Int: 11    God:    Okawaru [*.....]
Gold:   0          SH: 10    Dex: 12    Spells: 5/5 levels left

rFire    . . .     SeeInvis .   o - +2 morningstar (holy)
rCold    . . .     Gourm    .   c - +0 shield
rNeg     + . .     Faith    .   r - +1 scale mail
rPois    ∞         Spirit   .   (no helmet)
rElec    +         Reflect  .   q - +0 cloak
rCorr    .         Harm     .   p - +0 pair of gloves
MR       .....     NoTele   +   (no boots)
Stlth    ..........             (no amulet)
HPRegen  0.13/turn              s - +3 ring of intelligence
MPRegen  0.11/turn              t - +3 ring of dexterity

@: no status effects
A: negative energy resistance 1, electricity resistance, unbreathing,
petrification resistance, rot immunity, AC +4
a: Heroism, Renounce Religion


You were in the Dungeon.
You worshipped Okawaru.
Okawaru was aware of your devotion.
You were not hungry.

You visited 1 branch

Inventory:

Hand Weapons
 o - a +2 morningstar of holy wrath (weapon)
Armour
 c - a +0 shield (worn)
 p - a +0 pair of gloves (worn)
 q - a +0 cloak (worn)
 r - a +1 scale mail (worn)
Jewellery
 s - a +3 ring of intelligence (left hand)
 t - a +3 ring of dexterity (right hand)
Wands
 n - a wand of acid (10)
Scrolls
 k - 2 scrolls of blinking
 l - 3 scrolls of remove curse
 m - 2 scrolls of amnesia
Potions
 d - a potion of might
 e - 5 potions of curing
 g - 3 potions of heal wounds
 h - a potion of haste
 i - 4 potions of magic
 j - a potion of invisibility
Comestibles
 f - a ration


   Skills:
 + Level 5.7 Fighting
 + Level 10.1 Maces & Flails
 + Level 5.6 Armour
 + Level 1.0 Dodging
 + Level 6.3 Shields
 * Level 4.3 Invocations


You had 5 spell levels left.
You didn't know any spells.
Your spell library was empty.

Dungeon Overview and Level Annotations

Branches:
Dungeon (1/1)

Altars:
Cheibriados
Dithmenos
Elyvilon
Fedhas
Gozag
Hepliaklqana
Kikubaaqudgha
Makhleb
Nemelex Xobeh
Okawaru
Qazlal
Ru
Sif Muna
Trog
Uskayaw
Vehumet
Wu Jian
Xom
Yredelemnul
Zin
The Shining One
Beogh
Jiyva
Lugonu


Innate Abilities, Weirdness & Mutations

You are resistant to torment.
Your stone body is resilient. (AC +4)
You are immune to poison.
You resist negative energy. (rN+)
You are resistant to electric shocks. (rElec)
You can survive without breathing.
You are immune to petrification.
You are immune to rotting.


Message History

You barely miss the troll. You block the troll's attack.
The troll claws you but does no damage. You block the troll's attack. x2
The troll claws you. x2
You hit the troll but do no damage. The troll bites you but does no damage.
The troll claws you but does no damage. The troll barely misses you.
You barely miss the troll. The troll bites you!
The troll claws you but does no damage. You block the troll's attack.
You sock the troll!
The troll is moderately wounded.
You block the troll's attack. The troll barely misses you.
The troll claws you but does no damage.
You sock the troll!
The troll is severely wounded.
The troll bites you!
* * * LOW HITPOINT WARNING * * *
The troll claws you but does no damage. x2
You hit the troll.
The troll is severely wounded.
The troll bites you but does no damage. The troll claws you!
You die...

▓.▓
▓.▓
▓|▓
▓)▓
▓.▓
▓.▓
▓.▓
▓.▓
▓@▓
▓T▓
▓o▓
▓F▓
▓.▓
▓.▓
▓.▓
▓.▓


You could see a troll, an orc warrior and a bullfrog.

Vanquished Creatures
  A yak (D)
  A sky beast (D)
  2 scorpions (D)
  An adder skeleton (D)
  A bat skeleton (D)
  A bat zombie (D)
  A giant cockroach (D)
  A goblin (D)
  A hobgoblin (D)
  A ball python (D)
  A bat (D)
  A frilled lizard (D)
13 creatures vanquished.

Notes
Turn   | Place    | Note
-------+----------+-------------------------------------------
     0 | D        | FleetwoodCentaur the Gargoyle Fighter began the quest for the Orb.
     0 | D        | Reached XP level 1. HP: 14/14 MP: 1/1
     9 | D        | Reached skill level 3 in Maces & Flails
    22 | D        | Reached skill level 4 in Maces & Flails
    28 | D        | Noticed a sky beast
    31 | D        | Reached XP level 2. HP: 19/19 MP: 2/2
    40 | D        | Killed a sky beast
    40 | D        | Reached skill level 9 in Maces & Flails
    40 | D        | Reached XP level 3. HP: 23/23 MP: 3/3
    40 | D        | Reached XP level 4. HP: 28/28 MP: 4/4
    76 | D        | Found a roughly hewn altar of Beogh.
    76 | D        | Found a snail-covered altar of Cheibriados.
    76 | D        | Found a shadowy altar of Dithmenos.
    76 | D        | Found a white marble altar of Elyvilon.
    76 | D        | Found a blossoming altar of Fedhas.
    76 | D        | Found an opulent altar of Gozag.
    77 | D        | Found a hazy altar of Hepliaklqana.
    78 | D        | Found a viscous altar of Jiyva.
    79 | D        | Found an ancient bone altar of Kikubaaqudgha.
    80 | D        | Found a corrupted altar of Lugonu.
    81 | D        | Found a burning altar of Makhleb.
    82 | D        | Found a sparkling altar of Nemelex Xobeh.
    83 | D        | Found an iron altar of Okawaru.
    84 | D        | Found a stormy altar of Qazlal.
    85 | D        | Found a sacrificial altar of Ru.
    86 | D        | Found a deep blue altar of Sif Muna.
    87 | D        | Found a bloodstained altar of Trog.
    88 | D        | Found a hide-covered altar of Uskayaw.
    89 | D        | Found a radiant altar of Vehumet.
    90 | D        | Found an ornate altar of the Wu Jian Council.
    91 | D        | Became a worshipper of Warmaster Okawaru
    92 | D        | Found a shimmering altar of Xom.
    93 | D        | Found a basalt altar of Yredelemnul.
    94 | D        | Found a glowing silver altar of Zin.
    95 | D        | Found a glowing golden altar of the Shining One.
   148 | D        | Noticed a yak
   148 | D        | Noticed a troll
   148 | D        | Noticed an orc warrior
   148 | D        | Noticed a bullfrog
   157 | D        | Killed a yak
   157 | D        | Reached * piety under Okawaru
   157 | D        | Reached skill level 5 in Fighting
   157 | D        | Reached skill level 5 in Armour
   157 | D        | Reached skill level 5 in Shields
   157 | D        | Reached XP level 5. HP: 35/35 MP: 4/7
   157 | D        | Reached XP level 6. HP: 40/40 MP: 4/8
   166 | D        | Reached skill level 10 in Maces & Flails
   168 | D        | Reached skill level 1 in Dodging
   174 | D        | Slain by a troll

Vault maps used:
D:        linesprint

Skill      XL: |  1  2  3  4  5  6 |
---------------+-------------------+-----
Maces & Flails | 4 9 10 | 10.1
Fighting       | 5 |  5.7
Armour         | 5 |  5.6
Shields        | 5 6 |  6.3
Invocations    | 3 4 |  4.3
Dodging        | 1 |  1.0

Action                   |  1- 3 |  4- 6 || total
-------------------------+-------+-------++-------
Melee: Flail             |    28 |     1 ||    29
       Morningstar       |       |    26 ||    26
  Use: Potion            |     1 |       ||     1
Armor: Scale mail        |    16 |    13 ||    29
Dodge: Dodged            |    10 |     7 ||    17
Block: Shield            |    11 |    12 ||    23

Table legend:
 A = Spawn XP
 B = Non-spawn XP
 C = Spawn XP percentage of total XP
 D = Spawn monster count
 E = Non-spawn monster count
 F = Spawn count percentage of total count
 G = Total turns spent on level
                    A         B        C        D         E        F      G
               +---------+---------+-------+---------+---------+-------+---------
         Total |       0 |     487 |   0.0 |       0 |      13 |   0.0 |   174
               +---------+---------+-------+---------+---------+-------+---------
             D |       0 |     487 |   0.0 |       0 |      13 |   0.0 |   174
               +---------+---------+-------+---------+---------+-------+---------
